 Seeded DCSS version 0.25-a0-458-g6fc7858 (webtiles) character file.

Game seed: 4037872804680729407, levelgen mode: deterministic

128 NeededCrab the Sneak (level 4, -1/23 HPs)
             Began as a Vampire Chaos Knight on Feb 1, 2020.
             Was an Initiate of Ashenzari.
             Slain by an orc
             ... wielding a +0 flail
              (2 damage)
             ... on level 3 of the Dungeon on Feb 2, 2020.
             The game lasted 00:17:47 (2384 turns).

NeededCrab the Sneak (Vampire Chaos Knight)         Turns: 2384, Time: 00:17:47

Health: -1/23      AC:  6    Str: 11    XL:     4   Next: 87%
Magic:  4/4        EV: 18    Int: 14    God:    Ashenzari [......]
Gold:   129        SH:  0    Dex: 19    Spells: 3/3 levels left

rFire    + . .     SeeInvis +   g - +5 dagger
rCold    + + +     Gourm    .   (no shield)
rNeg     + + +     Faith    .   b - +3 leather armour (curse)
rPois    ∞         Spirit   .   (no helmet)
rElec    .         Reflect  .   a - scarf {rC+ rF+}
rCorr    .         Harm     .   (no gloves)
MR       .....     Rnd*Tele +   (no boots)
Stlth    ++++++....             (no amulet)
HPRegen  0.00/turn              (no ring)
MPRegen  0.09/turn              (no ring)

@: agile, bloodless
A: no food, fangs 3, see invisible, frail 1, teleportitis 1, unbreathing
a: Bat Form, Revivify, Curse Item, Renounce Religion


You were on level 3 of the Dungeon.
You worshipped Ashenzari.
Ashenzari was noncommittal.
You were bloodless.

You visited 1 branch of the dungeon, and saw 3 of its levels.

You collected 129 gold pieces.

Inventory:

Hand Weapons
 g - a +5 dagger (weapon)
 i - a +0 short sword
Armour
 a - a scarf of resistance (worn)
 b - a cursed +3 leather armour (worn)
Potions
 c - a potion of magic
 f - a potion of flight
 j - a potion of curing {unknown}
 k - a potion of agility
 l - a potion of lignification {unknown}


   Skills:
 - Level 2.6 Fighting
 * Level 2.4(3.4) Short Blades
   Level 3.3(3.7) Long Blades
 * Level 2.0 Armour
 - Level 2.5 Dodging
 * Level 3.9 Stealth


You had 3 spell levels left.
You didn't know any spells.
Your spell library was empty.

Dungeon Overview and Level Annotations

Branches:
Dungeon (3/15)

Altars:
Ashenzari
The Shining One


Innate Abilities, Weirdness & Mutations

You do not eat.
You do not regenerate when monsters are visible.
You are frail without blood (-20% HP).
You can heal yourself when you bite living creatures.
You are immune to poison.
You have razor-sharp teeth.
You have supernaturally acute eyesight. (SInv)
You can survive without breathing.
You are frail. (-10% HP)
You are occasionally teleported next to monsters.


Message History

An orc priest comes into view. It is wielding a +0 flail.
You hit the orc priest.
The orc priest is heavily wounded.
The orc priest hits you with a +0 flail.
* * * LOW HITPOINT WARNING * * *
You closely miss the orc. You bite the orc, but do no damage.
Okay, then.
Okay, then.
As you read the scroll labeled FOIGIH JOLIGOR, it crumbles to dust.
The creatures around you are filled with an inner flame!
It was a scroll of immolation.
The orc closely misses you.
As you read the scroll labeled EDGHUA QAARRUJU, it crumbles to dust.
It is a scroll of enchant weapon.
Your +4 dagger glows red for a moment.
The orc hits you but does no damage.
As you read the scroll labeled QEMEIMN JUN ARGHO, it crumbles to dust.
It is a scroll of enchant armour.
Your cursed +2 leather armour glows green for a moment.
The orc priest looks encouraged for a moment.
The orc hits you with a +0 flail.
You die...

#.# .##..### #.#
.# ........ #.#
o# ###..##. #.#
o# #.#.##.
#.#####.#o #...<
##......o.. ###.#
#.#.###.#.. ..#
##..###o# #..#
##..@oo# ....
#.##### .... #.#
o... ##.## .$.
##...## #.....#
#.....#
#.....####
##.......########


You could see an orc priest (inner flame) and 2 orcs.

Vanquished Creatures
  An orc priest (D:3)
  5 adders
  A worm (D:3)
  3 dart slugs
  3 orcs (D:3)
  7 bats
  3 giant cockroaches
  3 goblins
  5 hobgoblins
  2 quokkas (D:2)
  A ball python (D:1)
  2 frilled lizards (D:2)
  6 kobolds
  2 rats
44 creatures vanquished.

Notes
Turn   | Place    | Note
-------+----------+-------------------------------------------
     0 | D:1      | NeededCrab the Vampire Chaos Knight began the quest for the
                  | Orb.
     0 | D:1      | Reached XP level 1. HP: 17/17 MP: 1/1
    82 | D:1      | Reached skill level 1 in Stealth
   133 | D:1      | Reached XP level 2. HP: 23/23 MP: 2/2
   703 | D:2      | Found a glowing golden altar of the Shining One.
   714 | D:2      | Reached skill level 1 in Short Blades
   714 | D:2      | Reached skill level 1 in Armour
   717 | D:2      | XOM: harmless Tmut miscast
   773 | D:2      | Reached XP level 3. HP: 22/22 MP: 3/3
   936 | D:2      | XOM: silly message
  1128 | D:2      | You fall into a shaft and drop 1 floor!
  1217 | D:2      | Found a shattered altar of Ashenzari.
  1223 | D:2      | Fell from the grace of Xom
  1223 | D:2      | Became a worshipper of Ashenzari the Shackled
  1245 | D:2      | Reached XP level 4. HP: 27/27 MP: 4/4
  1731 | D:3      | XOM: mild Necr miscast
  2042 | D:3      | XOM: summons 1 hostile demon
  2272 | D:3      | XOM: give mutations
  2272 | D:3      | Gained mutation: You are occasionally teleported next to
                  | monsters. [Xom's mischief]
  2272 | D:3      | Gained mutation: You are frail. (-10% HP) [Xom's mischief]
  2379 | D:3      | HP: 1/23 [orc priest/+0 flail (6)]
  2384 | D:3      | Slain by an orc

Levels and vault maps discovered:
D:1:      minmay_arrival_loop, layout_loops_ring, minmay_pentomino_u4
D:2:      layout_loops_ring, nicolae_ashenzari_panopticon,
          nicolae_tso_swordbearing_angel, minmay_misc_feat_encased
D:3:      layout_loops_cross

Skill      XL: |  1  2  3  4 |
---------------+-------------+-----
Stealth        | 1 2 3 |  3.9
Short Blades   | 1 2 |  2.4
Armour         | 1 2 |  2.0
Fighting       | |  2.6
Long Blades    | |  3.3
Dodging        | |  2.5

Action                   |  1- 3 |  4- 6 || total
-------------------------+-------+-------++-------
Melee: Falchion          |    19 |       ||    19
       Bite              |     3 |     7 ||    10
       Dagger            |    47 |    55 ||   102
Invok: Curse Item        |     1 |       ||     1
 Abil: Exsanguinate      |     1 |       ||     1
  Use: Scroll            |       |     6 ||     6
       Potion            |       |     1 ||     1
 Stab: Sleeping          |     7 |     8 ||    15
Armor: Leather armour    |    20 |     7 ||    27
Dodge: Dodged            |    27 |    24 ||    51
       Rpst.: Falchion   |     2 |       ||     2

Table legend:
 A = Non-vault XP
 B = Vault XP
 C = Vault XP percentage of total XP
 D = Non-vault monster count
 E = Vault monster count
 F = Vault count percentage of total count
                 A         B        C        D         E       F
            +---------+---------+-------+---------+---------+-------
      Total |     182 |       2 |   1.1 |      43 |       1 |   2.3
            +---------+---------+-------+---------+---------+-------
        D:1 |      20 |       2 |   9.1 |       9 |       1 |  10.0
        D:2 |      86 |       0 |   0.0 |      23 |       0 |   0.0
        D:3 |      76 |       0 |   0.0 |      11 |       0 |   0.0
            +---------+---------+-------+---------+---------+-------
